 Dungeon Sprint DCSS version 0.31-a0-750-gfe7b580527 (webtiles) character file.

Game seed: 425291462310273184

7 rocky1 the Changeling (level 2, -7/27 HPs)
             Began as an Ogre Shapeshifter on Sept 15, 2023.
             Mangled by an iguana (12 damage)
             ... in the Dungeon (Sprint IX: "|||||||||||||||||||||||||||||").
             The game lasted 00:00:08 (33 turns).

rocky1 the Changeling (Ogre Shapeshifter)             Turns: 33, Time: 00:00:08

Health: -7/27      AC:  3    Str: 17    XL:     2   Next: 0%
Magic:  2/2        EV:  9    Int: 11    God:
Gold:   0          SH:  0    Dex:  8    Spells: 1/1 levels left

rFire   . .          .
                       - Unarmed
rCold   . . .        (no shield)
rNeg    . . .        a - +0 animal skin
rPois   .            (helmet currently unavailable)
rElec   .            (cloak currently unavailable)
rCorr   .            (gloves unavailable)
SInv    .            (boots unavailable)
Will    .....        (no amulet)
Stlth   +            (no ring)
HPRegen 0.24/turn    (no ring)
MPRegen 0.08/turn

%: no teleportation
@: beast-form
A: beast (slay +2), large, unfitting armour, tough skin 1
a: Begin Untransformation


You were in the Dungeon.
You were a hulking beast.
You visited 1 branch

Inventory:

Armour
 a - a +0 animal skin (worn)
Talismans
 c - a beast talisman (active)
 d - a flux talisman
Scrolls
 j - a scroll of blinking
Potions
 b - a potion of lignification
 e - a potion of curing
 f - a potion of heal wounds
 g - a potion of haste
 h - 2 potions of magic
 i - a potion of berserk rage


   Skills:
 + Level 1.3 Fighting
 + Level 2.0 Dodging
 + Level 3.1 Unarmed Combat
 + Level 4.2 Shapeshifting


You had one spell level left.
You didn't know any spells.
Your spell library was empty.

Dungeon Overview and Level Annotations

Branches:
Dungeon (1/1)

Altars:


Innate Abilities, Weirdness & Mutations

You are a hulking beast.
Your limbs bulge with bestial killing power. (Slay +2)
You are too large for most types of armour.
You have tough skin. (AC +1)


Message History

You kill the ball python!
You miss the goblin. The goblin barely misses you.
You punch the goblin!
You kill the goblin!
The bat hits you but does no damage.
Your Dodging skill increases to level 2!
The bat hits you but does no damage.
There is an open door to the Dungeon here.
Items here: ) †††.
You hit the bat.
You kill the bat!
Your Unarmed Combat skill increases to level 3!
You start resting.
HP restored.
You open the door.
A hound, an ufetubus, an adder, an iguana and an orc come into view.
The hound barks!
The ufetubus shouts!
The iguana hisses angrily.
The orc shouts!
The adder hisses angrily.
You punch the orc!
You kill the orc!
Your Shapeshifting skill increases to level 4!
You have reached level 2!
You barely miss the iguana. The iguana bites you.
You hit the iguana but do no damage. Your punch misses the iguana.
The iguana closely misses you.
You hit the iguana but do no damage. The iguana bites you!
You barely miss the iguana. You punch the iguana!
The iguana is heavily wounded.
The iguana bites you!
* * * LOW HITPOINT WARNING * * *
You hit the iguana but do no damage.
The iguana is heavily wounded.
The iguana bites you.
* * * LOW HITPOINT WARNING * * *
You hit the iguana.
The iguana is severely wounded.
The iguana bites you!
You die...

▓+▓
▓.▓
▓.▓
▓5▓
▓h▓
▓S▓
▓l▓
▓h▓
▓.▓
▓.▓
▓.▓
▓.▓
▓)▓
▓.▓
▓.▓
▓.▓


You could see an iguana, a hound, an adder and an ufetubus.

Vanquished Creatures
  An orc (D)
  An endoplasm (D)
  A ball python (D)
  2 bats (D)
  A goblin (D)
6 creatures vanquished.

Notes
Turn   | Place    | Note
-------+----------+-------------------------------------------
     0 | D        | rocky1 the Ogre Shapeshifter began the quest for the Orb.
     0 | D        | Reached XP level 1. HP: 19/19 MP: 1/1
    25 | D        | Noticed a hound
    25 | D        | Noticed an iguana
    27 | D        | Reached skill level 4 in Shapeshifting
    27 | D        | Reached XP level 2. HP: 27/27 MP: 2/2
    33 | D        | Mangled by an iguana

Illustrated notes

Levels and vault maps discovered:
D:        linesprint [early_d, line_temple, items_1, d_10, items_2, lair_1,
          lair_end, items_3, orc_1, orc_end, items_4, d_15, swamp_1, shoals_1,
          snake_1, spider_1, d_20, vaults_1, items_5, swamp_end, shoals_end,
          snake_end, spider_end, vaults_end, d_27, items_6, zot_1, zot_end,
          crypt_end, forest_end, elf_end, slime_end, tomb_end, abyss_end,
          pan_hell_end]

Skill      XL: |  1 |
---------------+----+-----
Dodging        | 2 |  2.0
Unarmed Combat | 3 |  3.1
Shapeshifting  | 4 |  4.2
Fighting       | |  1.3

Action                     || total
---------------------------++-------
  Melee: Unarmed           ||    17
 Armour: Animal skin       ||    10
  Dodge: Dodged            ||     3

Table legend: (Time is in decaauts)
 A = Elapsed time spent in this place.
 B = Non-inter-level travel time spent in this place.
 C = Inter-level travel time spent in this place.
 D = Time resting spent in this place.
 E = Time spent auto-exploring this place.
 F = Levels seen in this place.
 G = Mean time per level.
                   A        B        C        D        E       F      G
               +--------+--------+--------+--------+--------+-----+--------+
         Total |     31 |     31 |      0 |      6 |      0 |   1 |   31.0 |
       Dungeon |     31 |     31 |      0 |      6 |      0 |   1 |   31.0 |
               +--------+--------+--------+--------+--------+-----+--------+

Top non-repeatable levels by time:
       D: 31 daAuts
